 Dungeon Crawl Stone Soup version 0.30-a0-972-gf3ab3527aa (webtiles) character file.

Game seed: 17929003425483732042

1477 Firecrotchwizard the Geomancer (level 8, -8/41 HPs)
             Began as a Gargoyle Earth Elementalist on Apr 1, 2023.
             Was a Follower of Vehumet.
             Killed by divine providence
             ... invoked by an orc priest
              (11 damage)
             ... on level 5 of the Dungeon.
             The game lasted 00:19:07 (5568 turns).

Firecrotchwizard the Geomancer (GrEE)               Turns: 5568, Time: 00:19:07

Health: -8/41      AC: 10    Str: 13    XL:     8   Next: 78%
Magic:  8/15       EV: 11    Int: 17    God:    Vehumet [*.....]
Gold:   244        SH:  0    Dex: 10    Spells: 9/17 levels left

rFire   . . .      SeeInvis .    E - +2 sling (drain)
rCold   . . .      Faith    +    (no shield)
rNeg    + . .      Spirit   .    a - +0 robe
rPois   ∞          Reflect  .    t - +2 hat
rElec   +          Rampage  .    (no cloak)
rCorr   .                        (no gloves)
Will    .....                    u - +0 pair of boots
Stlth   ++                       h - amulet of faith {!P}
HPRegen 0.26/turn                (no ring)
MPRegen 0.14/turn                (no ring)

@: no status effects
A: sickness immunity, AC +5, negative energy resistance 1, electricity
resistance, torment resistance 1, petrification resistance
a: Renounce Religion


You were on level 5 of the Dungeon.
You worshipped Vehumet.
Vehumet was aware of your devotion.
You visited 2 branches of the dungeon, and saw 7 of its levels.

You collected 244 gold pieces.


Innate Abilities, Weirdness & Mutations

You are immune to sickness and miasma.
Your stone body is resilient. (AC +5)
You are immune to poison.
You resist negative energy. (rN+)
You are resistant to electric shocks. (rElec)
You are resistant to unholy torment.
You are immune to petrification.


   Skills:
 - Level 1.5 Dodging
 - Level 2.1 Stealth
 + Level 5.3 Spellcasting
 * Level 2.6 Conjurations
 - Level 3.0 Translocations
 - Level 3.0 Transmutations
 + Level 9.2 Earth Magic


You had 9 spell levels left.
You knew the following spells:

 Your Spells              Type           Power      Damage    Failure   Level
a - Sandblast             Erth           70%        2d15      1%          1
b - Passwall              Tmut/Erth      20%        N/A       1%          2
c - Stone Arrow           Conj/Erth      48%        3d10      3%          3
d - Blink                 Tloc           28%        N/A       6%          2

Your spell library contained the following spells:

 Spells                   Type           Power      Damage    Failure   Level
 Poisonous Vapours        Pois/Air       8%         N/A       22%         2
 Lesser Beckoning         Tloc           28%        N/A       6%          2
 Momentum Strike          Conj/Tloc      28%        3d8       6%          2
 Petrify                  Tmut/Erth      25%        N/A       11%         4
 Vhi's Electric Charge    Tloc/Air       18%        N/A       22%         3
 Irradiate                Conj/Tmut      7%         3d14      75%         5
 Olgreb's Toxic Radiance  Pois           4%         N/A       80%         4
 Arcjolt                  Conj/Air       4%         1d14      91%         5
 Ozocubu's Refrigeration  Ice            2%         4d7       100%        7
 Ignition                 Fire           2%         3d3       100%        8
 Maxwell's Capacitive Co  Air            2%         ∞         100%        8
 Sublimation of Blood     Necr           Unusable   N/A       N/A         2

Inventory:

Hand Weapons
 e - a +2 dagger of electrocution {short}
   (You took it off a kobold on level 2 of the Dungeon)
 E - a +2 sling of draining (weapon)
   (You found it on level 4 of the Dungeon)
Missiles
 j - 58 stones {throwing}
 r - 5 javelins {throwing}
Armour
 a - a +0 robe (worn)
 f - a +0 robe
   (You took it off an orc wizard on level 5 of the Dungeon)
 m - a +0 ring mail
   (You took it off an orc on level 5 of the Dungeon)
 n - a +0 chain mail
   (You took it off an orc warrior on level 5 of the Dungeon)
 t - a +2 hat (worn)
   (You found it on level 2 of the Dungeon)
 u - a +0 pair of boots (worn)
   (You found it on level 2 of the Dungeon)
 x - a +0 scale mail
   (You took it off an orc on level 5 of the Dungeon)
 A - a +0 leather armour
   (You found it on level 5 of the Dungeon)
 B - a +0 chain mail
   (You took it off an orc warrior on level 5 of the Dungeon)
Jewellery
 h - an amulet of faith (around neck) {!P}
   (You found it on level 1 of the Dungeon)
 y - an amulet of reflection
   (You found it on level 3 of the Dungeon)
Wands
 o - a wand of quicksilver (4)
   (You took it off Jessica on level 2 of the Dungeon)
 v - a wand of digging (5)
   (You found it on level 2 of the Dungeon)
Scrolls
 c - 12 scrolls of identify {@r1}
 d - 2 scrolls of fog {unknown}
 k - 3 scrolls of teleportation {unknown}
 l - a scroll of immolation {unknown}
 p - a scroll of enchant weapon {unknown}
 q - 2 scrolls of magic mapping {unknown}
 w - a scroll of poison {unknown}
 G - a scroll of blinking {unknown}
 I - a scroll of summoning {unknown}
 L - a scroll of torment {unknown}
Potions
 b - a potion of magic
 g - 3 potions of degeneration {unknown}
 i - a potion of cancellation {unknown}
 s - 2 potions of ambrosia {unknown}
 z - 4 potions of curing {@q1}
 D - a potion of might {unknown}
 H - a potion of heal wounds {unknown}
 M - a potion of flight {unknown}

Dungeon Overview and Level Annotations

Branches:
Dungeon (6/15) Zot: 26888  Temple (1/1) D:4 Zot: 5809

Altars:
Ashenzari
Cheibriados
Dithmenos
Elyvilon
Fedhas
Gozag
Hepliaklqana
Kikubaaqudgha
Makhleb
Nemelex Xobeh
Okawaru
Qazlal
Ru
Sif Muna
Trog
Uskayaw
Vehumet
Wu Jian
Yredelemnul
The Shining One

Annotations:
D:2 1 runed translucent door, Crazy Yiuf
D:4 2 runed translucent doors, Newt's ghost, amateur DrFi

...##......#...####..##......####
...#...........)##..........###.#
#..#.......................###...
#........#...............÷..##...
#........#...............÷)###.8.
###...#..#...................#...
#.....##.....................#...
#.....##.........)....####.......
................@#######...#.....
...............o.## #.#.##)...
...#..............######.####).8.
.<.#..##............##.#..# #....
.......##.#♣..............####...
###..####.#...........##....##...
.....###......♣........##..###...
............##..........##..##...
.....#..#................##.##...


You could see an orc priest.


Message History

The orc priest calls down the wrath of Beogh upon you.
Beogh smites you! 😮 HP[-16]
You take 16 damage, and now have 25/41 hp.
MASSIVE DAMAGE!! (PAUSE)
Casting: Sandblast (safe; 1% risk of failure)
Confirm with . or Enter, or press ? or * to list all spells.
Aiming: Sandblast (safe; 1% risk of failure)
Press: ? - help, Shift-Dir - straight line, f - orc priest
Aim: an orc priest, wielding a +0 short sword and wearing a +4 chain mail (88% to hit)
The blast of sand hits the orc priest.
A hound comes into view. 😮 MP[-1]
You lost 1 mp, and now have 13/15 mp.
Casting: Sandblast (safe; 1% risk of failure)
Confirm with . or Enter, or press ? or * to list all spells.
Aiming: Sandblast (safe; 1% risk of failure)
Press: ? - help, Shift-Dir - straight line, f/p - orc priest
Aim: an orc priest, wielding a +0 short sword and wearing a +4 chain mail (moderately wounded, 88% to hit)
The blast of sand hits the orc priest!
The hound barks!
The orc priest begins to cast a cantrip, but forgets the words!
The orc priest hits you but does no damage.
Casting: Sandblast (safe; 1% risk of failure)
Confirm with . or Enter, or press ? or * to list all spells.
Aiming: Sandblast (safe; 1% risk of failure)
Press: ? - help, Shift-Dir - straight line, f/p - orc priest
Aim: an orc priest, wielding a +0 short sword and wearing a +4 chain mail (almost dead, 88% to hit)
The blast of sand hits the orc priest but does no damage.
The orc priest hits you but does no damage. 😮 HP[+1] MP[-1]
You lost 1 mp, and now have 12/15 mp.
Casting: Sandblast (safe; 1% risk of failure)
Confirm with . or Enter, or press ? or * to list all spells.
Aiming: Sandblast (safe; 1% risk of failure)
Press: ? - help, Shift-Dir - straight line, f/p - orc priest
Aim: an orc priest, wielding a +0 short sword and wearing a +4 chain mail (almost dead, 88% to hit)
The blast of sand hits the orc priest but does no damage.
You hear the slow rusting of a very distant drain.
The orc priest mumbles some strange prayers to Beogh against you.
Beogh smites you!
* * * LOW HITPOINT WARNING * * *
The orc priest hits you but does no damage. 😨 HP[-14] MP[-1]
You take 14 damage, and now have 12/41 hp.
MASSIVE DAMAGE!! (PAUSE)
You lost 1 mp, and now have 11/15 mp.
Unknown command.
Casting: Sandblast (safe; 1% risk of failure)
Confirm with . or Enter, or press ? or * to list all spells.
Aiming: Sandblast (safe; 1% risk of failure)
Press: ? - help, Shift-Dir - straight line, f/p - orc priest
Aim: an orc priest, wielding a +0 short sword and wearing a +4 chain mail (almost dead, 88% to hit)
The blast of sand hits the orc priest but does no damage.
The hound stops to sniff the ground.
The orc priest barely misses you. 😨 MP[-1]
You lost 1 mp, and now have 10/15 mp.
Unknown command.
The orc priest hits you but does no damage.
You climb upwards.
There is a stone staircase leading down here. 😨 HP[+1] MP[+1]
Casting: Sandblast (safe; 1% risk of failure)
Confirm with . or Enter, or press ? or * to list all spells.
Aiming: Sandblast (safe; 1% risk of failure)
Press: ? - help, Shift-Dir - straight line, f - orc priest
Aim: an orc priest, wielding a +0 short sword and wearing a +4 chain mail (almost dead, 88% to hit)
The blast of sand misses the orc priest.
The blast of sand hits the demonic plant!!
The demonic plant begins to die.
The orc priest invokes the aid of Beogh against you.
Beogh smites you!
* * * LOW HITPOINT WARNING * * *
The orc priest hits you but does no damage. 😱 HP[-10] MP[-1]
You take 10 damage, and now have 3/41 hp.
MASSIVE DAMAGE!! (PAUSE)
You lost 1 mp, and now have 10/15 mp.
Casting: Sandblast (safe; 1% risk of failure)
Confirm with . or Enter, or press ? or * to list all spells.
Aiming: Sandblast (safe; 1% risk of failure)
Press: ? - help, Shift-Dir - straight line, f/p - orc priest
Aim: an orc priest, wielding a +0 short sword and wearing a +4 chain mail (almost dead, 88% to hit)
The blast of sand hits the orc priest but does no damage.
The orc priest looks satisfied for a moment. 😱 MP[-1]
You lost 1 mp, and now have 9/15 mp.
Unknown command.
Casting: Sandblast (safe; 1% risk of failure)
Confirm with . or Enter, or press ? or * to list all spells.
Aiming: Sandblast (safe; 1% risk of failure)
Press: ? - help, Shift-Dir - straight line, f/p - orc priest
Aim: an orc priest, wielding a +0 short sword and wearing a +4 chain mail (almost dead, 88% to hit)
The blast of sand hits the orc priest but does no damage.
A nearby demonic plant withers and dies.
The orc priest misses you.
The orc priest mumbles some strange prayers to Beogh against you.
Beogh smites you!
You die...

Skill      XL: |  1  2  3  4  5  6  7  8 |
---------------+-------------------------+-----
Transmutations | 1 2 3 |  3.0
Earth Magic    | 4 6 7 9 |  9.2
Spellcasting   | 3 4 5 |  5.3
Translocations | 2 3 |  3.0
Conjurations   | 2 |  2.6
Dodging        | |  1.5
Stealth        | |  2.1

Action                     |  1- 3 |  4- 6 |  7- 9 || total
---------------------------+-------+-------+-------++-------
  Melee: Spear             |     3 |       |       ||     3
         Dagger            |    12 |   137 |       ||   149
         Punch             |     1 |     1 |       ||     2
   Fire: Sling             |       |     4 |    63 ||    67
   Cast: Sandblast         |    26 |    36 |    84 ||   146
         Stone Arrow       |       |       |     6 ||     6
    Use: Scroll            |       |       |     1 ||     1
   Stab: Sleeping          |     1 |     3 |       ||     4
 Armour: Robe              |     5 |    82 |    59 ||   146
  Dodge: Dodged            |     8 |   100 |    44 ||   152
  Block: Other             |       |    21 |       ||    21

Levels and vault maps discovered:
D:1:      scummos_arrival_simple_crosswalls, layout_rooms
D:2:      layout_loops_corners, uniq_robin, uniq_crazy_yiuf_cottage,
          uniq_jessica
D:3:      layout_basic
D:4:      layout_loops_corners, trog_butcher_becter,
          minmay_temple_entry_statues_pillars, ebering_ghost_disaster_area,
          minivault_25, serial_bayou_lagoon_a, chequers_serial_rivers_large_a,
          hangedman_minor_gate_pass, uniq_natasha, uniq_eustachio
D:5:      layout_cave_pools, serial_demonic, serial_demonic_g, serial_demonic_c,
          serial_demonic_c, serial_demonic_g, st_stairs_1
D:6:      layout_basic, gammafunk_ghost_abyssal_escape, portal_sewer_entry_c
Temple:   roderic_octagonal_lattice_temple

Notes
Turn   | Place    | Note
-------+----------+-------------------------------------------
     0 | D:1      | Firecrotchwizard the Gargoyle Earth Elementalist began the
                  | quest for the Orb.
     0 | D:1      | Reached XP level 1. HP: 10/10 MP: 3/3
     0 | D:1      | magus.rc [v1.9.6]
   103 | D:1      | Reached skill level 1 in Transmutations
   293 | D:1      | You pick up a book of Geomancy and begin reading...
   306 | D:1      | Reached XP level 2. HP: 15/15 MP: 3/5
   605 | D:2      | Reached skill level 4 in Earth Magic
   617 | D:2      | Learned a level 2 spell: Passwall
   714 | D:2      | Reached XP level 3. HP: 19/19 MP: 3/6
   761 | D:2      | Noticed Jessica
   762 | D:2      | Killed Jessica
   853 | D:2      | Reached skill level 2 in Transmutations
   941 | D:2      | Reached XP level 4. HP: 24/24 MP: 5/8
  1412 | D:2      | Found a runed translucent door.
  1413 | D:2      | Noticed Crazy Yiuf
  1652 | D:2      | Noticed Robin
  1659 | D:2      | Killed Robin
  1660 | D:2      | Reached XP level 5. HP: 28/28 MP: 5/9
  1867 | D:3      | Reached skill level 3 in Spellcasting
  1871 | D:3      | Learned a level 3 spell: Stone Arrow
  2195 | D:3      | You pick up a book of Alchemy and begin reading...
  2277 | D:3      | Identified the +3 whip of Callousness {flame, rC+}
  2789 | D:4      | Reached skill level 3 in Transmutations
  2789 | D:4      | Reached skill level 5 in Earth Magic
  2789 | D:4      | Noticed Eustachio
  2821 | D:4      | Killed Eustachio
  2822 | D:4      | Reached skill level 6 in Earth Magic
  2822 | D:4      | Reached XP level 6. HP: 32/32 MP: 3/11
  3070 | D:4      | You pick up a book of Spatial Translocations and begin
                  | reading...
  3070 | D:4      | You add the spells Blink, Momentum Strike and Lesser
                  | Beckoning to your library.
  3074 | D:4      | Learned a level 2 spell: Blink
  3137 | D:4      | Found a staircase to the Ecumenical Temple.
  3144 | Temple   | Entered the Ecumenical Temple
  3316 | Temple   | Became a worshipper of Vehumet
  3340 | D:4      | Found a large runed translucent door.
  3340 | D:4      | Found a large runed translucent door.
  3345 | D:4      | Noticed Newt's ghost (amateur DrFi)
  3417 | D:4      | You add the spells Vhi's Electric Charge, Arcjolt and
                  | Maxwell's Capacitive Coupling to your library.
  3465 | D:4      | Reached XP level 7. HP: 36/36 MP: 9/12
  3573 | D:4      | Reached skill level 1 in Translocations
  3599 | D:4      | You add the spells Olgreb's Toxic Radiance, Ozocubu's
                  | Refrigeration and Ignition to your library.
  3686 | D:4      | Noticed Natasha
  3690 | D:4      | Killed Natasha
  3845 | D:4      | Reached skill level 4 in Spellcasting
  3916 | D:4      | Found a bloodstained altar of Trog.
  3986 | D:4      | Noticed Natasha
  4009 | D:4      | Killed Natasha
  4236 | D:4      | Noticed Natasha
  4242 | D:4      | Killed Natasha
  4243 | D:4      | Reached skill level 7 in Earth Magic
  4512 | D:5      | Entered Level 5 of the Dungeon
  4549 | D:5      | Reached skill level 2 in Translocations
  4614 | D:5      | Reached * piety under Vehumet
  4614 | D:5      | Offered knowledge of Foxfire by Vehumet.
  4627 | D:5      | Reached XP level 8. HP: 41/41 MP: 9/14
  4807 | D:5      | Reached skill level 3 in Translocations
  4933 | D:5      | Reached skill level 8 in Earth Magic
  5178 | D:5      | Reached skill level 5 in Spellcasting
  5228 | D:5      | Reached skill level 1 in Conjurations
  5228 | D:5      | Reached skill level 9 in Earth Magic
  5473 | D:5      | Reached skill level 2 in Conjurations
  5557 | D:6      | Offered knowledge of Poisonous Vapours by Vehumet.
  5566 | D:5      | HP: 3/41 [orc priest/divine providence (11)]
  5568 | D:5      | Killed from afar by an orc priest

Vanquished Creatures
  Eustachio (D:4)
  A black bear (D:5)
  2 orc warriors (D:5)
  2 ogres (D:5)
  A scorpion (D:5)
  3 jellies
  A howler monkey (D:5)
  A quasit (D:5)
  4 hounds
  An orc priest (D:6)
  Jessica (D:2)
  3 iguanas (D:5)
  3 orc wizards
  A sleepcap (D:5)
  Natasha (thrice) (D:4)
  Robin (D:2)
  9 adders
  A white imp (D:5)
  2 ufetubi
  A worm (D:3)
  2 dart slugs (D:3)
  9 orcs
  8 bats
  5 endoplasms
  A giant cockroach (D:4)
  13 goblins
  8 hobgoblins
  10 jackals
  8 quokkas
  6 ball pythons
  4 frilled lizards
  7 kobolds
  9 rats
132 creatures vanquished.

Vanquished Creatures (others)
  6 demonic plants (D:5)
  9 plants (D:4)
15 creatures vanquished.

Grand Total: 147 creatures vanquished

Table legend:
 A = Non-vault XP
 B = Vault XP
 C = Vault XP percentage of total XP
 D = Non-vault monster count
 E = Vault monster count
 F = Vault count percentage of total count
                 A         B        C        D         E       F
            +---------+---------+-------+---------+---------+-------
      Total |    1504 |     606 |  28.7 |     102 |      30 |  22.7
            +---------+---------+-------+---------+---------+-------
        D:1 |      21 |       0 |   0.0 |      14 |       0 |   0.0
        D:2 |      74 |      72 |  49.3 |      31 |      12 |  27.9
        D:3 |      73 |       0 |   0.0 |      20 |       0 |   0.0
        D:4 |     252 |     354 |  58.4 |      14 |      13 |  48.1
        D:5 |    1040 |     180 |  14.8 |      21 |       5 |  19.2
        D:6 |      44 |       0 |   0.0 |       2 |       0 |   0.0
            +---------+---------+-------+---------+---------+-------

Illustrated notes

Table legend:
 A = Kills in this place as a percentage of kills in the entire game.
 B = Kills by you in this place as a percentage of kills by you in the entire game.
 C = Kills by friends in this place as a percentage of kills by friends in the entire game.
 D = Other kills in this place as a percentage of other kills in the entire game.
 E = Experience gained in this place as a percentage of experience gained in the entire game.
 F = Experience gained in this place divided by the number of levels of this place that you have seen.
                   A       B       C       D       E      F
               +-------+-------+-------+-------+-------+----------------------
         Total | 100.0 | 100.0 |   N/A |   N/A | 100.0 | 301.4
       Dungeon | 100.0 | 100.0 |   N/A |   N/A | 100.0 | 351.7
               +-------+-------+-------+-------+-------+----------------------

Table legend: (Time is in decaauts)
 A = Elapsed time spent in this place.
 B = Non-inter-level travel time spent in this place.
 C = Inter-level travel time spent in this place.
 D = Time resting spent in this place.
 E = Time spent auto-exploring this place.
 F = Levels seen in this place.
 G = Mean time per level.
                   A        B        C        D        E       F      G
               +--------+--------+--------+--------+--------+-----+--------+
         Total |   5688 |   5500 |    188 |    534 |   3872 |   7 |  812.6 |
       Dungeon |   5498 |   5339 |    159 |    534 |   3730 |   6 |  916.3 |
        Temple |    190 |    161 |     29 |      0 |    142 |   1 |  190.0 |
               +--------+--------+--------+--------+--------+-----+--------+

Top non-repeatable levels by time:
     D:4: 1626 daAuts
     D:2: 1269 daAuts
     D:5: 1079 daAuts
     D:3: 891 daAuts
     D:1: 607 daAuts
  Temple: 190 daAuts
     D:6: 23 daAuts
